 Dungeon Crawl Stone Soup version 0.27-a0-1191-g601b473118 (webtiles) character file.

Game seed: 16188798398844576088

64 leviel the Skirmisher (level 4, -2/40 HPs)
             Began as a Hill Orc Fighter on May 24, 2021.
             Slain by Grinder (5 damage)
             ... while paralysed by Grinder
             ... on level 3 of the Dungeon.
             The game lasted 00:01:46 (2457 turns).

leviel the Skirmisher (Hill Orc Fighter)            Turns: 2457, Time: 00:01:47

Health: -2/40      AC:  7    Str: 19    XL:     4   Next: 12%
Magic:  4/4        EV:  2    Int:  8    God:
Gold:   97         SH:  0    Dex: 10    Spells: 3/3 levels left

rFire    . . .     SeeInvis +   a - +0 war axe
rCold    + . .     Faith    .   c - +0 kite shield
rNeg     . . .     Spirit   .   b - +0 scale mail
rPois    .         Reflect  .   (no helmet)
rElec    .         Harm     .   (no cloak)
rCorr    .         Rampage  .   (no gloves)
Will     .....                  (no boots)
Stlth    ..........             (no amulet)
HPRegen  0.13/turn              f - ring of see invisible
MPRegen  0.09/turn              g - ring of protection from cold

@: paralysed, mighty
A: no striking features
a: no special abilities


You were on level 3 of the Dungeon.
You visited 1 branch of the dungeon, and saw 3 of its levels.

You collected 97 gold pieces.

Inventory:

Hand Weapons
 a - a +0 war axe (weapon)
Armour
 b - a +0 scale mail (worn)
 c - a +0 kite shield (worn)
Jewellery
 f - a ring of see invisible (left hand)
 g - a ring of protection from cold (right hand)
Scrolls
 e - a scroll of identify {@r1}
Potions
 d - a potion of might


   Skills:
 + Level 4.1 Fighting
 * Level 4.1 Axes
 + Level 3.8 Armour
 + Level 3.7 Shields


You had 3 spell levels left.
You didn't know any spells.
Your spell library was empty.

Dungeon Overview and Level Annotations

Branches:
Dungeon (3/15)

Altars:

Annotations:
D:2 1 runed translucent door, Crazy Yiuf
D:3 Grinder


Message History

You closely miss the rat. The rat bites you.
The rat bites you but does no damage.
You slash the rat!
You kill the rat!
No target in view!
No target in view!
No target in view!
No target in view!
No target in view!
No target in view!
No target in view!
No target in view!
HP restored.
You now have 97 gold pieces (gained 9).
Found an escape hatch in the ceiling.
d - 2 potions of might (gained 1) Grinder comes into view.
Grinder shouts!
Grinder says, "Tell me all your secrets, or I'll kill you."
Grinder is nearby!
You feel very mighty all of a sudden.
You closely miss Grinder. You block Grinder's attack.
Grinder closely misses you.
You closely miss Grinder. Grinder hits you.
You writhe in agony.
You barely miss Grinder.
Grinder blinks!
Grinder gestures at you. Pain shoots through your body!
You slash Grinder!
Grinder is moderately wounded.
Grinder hits you.
You writhe in agony.
You hit Grinder but do no damage.
Grinder is moderately wounded.
Grinder hits you.
You writhe in agony.
* * * LOW HITPOINT WARNING * * *
Grinder gestures at you.
You suddenly lose the ability to move!
Grinder hits you!
* * * LOW HITPOINT WARNING * * *
You writhe in agony.
You die...

#..# # #####.#.+
#.......#
#.......##
#..........# #
#+##......<....
###
#..............#
#.<
#..............#
#.#
#..@5..........#
#..
#..............
###
#.............
#..?.........
#...........
###########


You could see Grinder.

Vanquished Creatures
  Terence (D:2)
  2 dart slugs (D:1)
  An orc (D:3)
  2 bats
  3 endoplasms
  2 giant cockroaches (D:1)
  5 goblins
  2 hobgoblins (D:1)
  2 jackals (D:1)
  4 kobolds
  2 ball pythons (D:1)
  3 frilled lizards (D:2)
  3 rats
32 creatures vanquished.

Vanquished Creatures (others)
  9 plants (D:1)
9 creatures vanquished.

Grand Total: 41 creatures vanquished

Notes
Turn   | Place    | Note
-------+----------+-------------------------------------------
     0 | D:1      | leviel the Hill Orc Fighter began the quest for the Orb.
     0 | D:1      | Reached XP level 1. HP: 19/19 MP: 1/1
   205 | D:1      | Reached XP level 2. HP: 27/27 MP: 2/2
   534 | D:1      | Found a faded altar of an unknown god.
   941 | D:1      | Reached XP level 3. HP: 32/33 MP: 3/3
  1327 | D:2      | Noticed Terence
  1340 | D:2      | Killed Terence
  1868 | D:2      | Reached XP level 4. HP: 36/40 MP: 4/4
  2169 | D:2      | Found a runed translucent door.
  2170 | D:2      | Noticed Crazy Yiuf
  2447 | D:3      | Noticed Grinder
  2456 | D:3      | Paralysed by Grinder for 3 turns
  2457 | D:3      | Slain by Grinder

Illustrated notes

Levels and vault maps discovered:
D:1:      wheals_arrival_linesprint, layout_basic,
          shapermc_ecumenical_altar_hornbeckon, serial_bayou_lagoon_a,
          chequers_serial_rivers_small_a, corexii_hall_statues_i
D:2:      layout_basic, uniq_terence, uniq_crazy_yiuf_cottage
D:3:      layout_basic, eino_tiny_chamber, minmay_goblin_kobold_house,
          uniq_grinder

Skill      XL: |  1  2  3 |
---------------+----------+-----
Axes           | 3 4 |  4.1
Fighting       | 4 |  4.1
Armour         | |  3.8
Shields        | |  3.7

Action                   |  1- 3 |  4- 6 || total
-------------------------+-------+-------++-------
Melee: War axe           |    73 |    24 ||    97
  Use: Scroll            |     1 |       ||     1
       Potion            |       |     1 ||     1
Armor: Scale mail        |    29 |    10 ||    39
Dodge: Dodged            |    17 |     7 ||    24
Block: Kite shield       |    47 |     4 ||    51

Table legend: (Time is in decaauts)
 A = Elapsed time spent in this place.
 B = Non-inter-level travel time spent in this place.
 C = Inter-level travel time spent in this place.
 D = Time resting spent in this place.
 E = Time spent auto-exploring this place.
 F = Levels seen in this place.
 G = Mean time per level.
                   A        B        C        D        E       F      G
               +--------+--------+--------+--------+--------+-----+--------+
         Total |   2530 |   2440 |     90 |    551 |   1643 |   3 |  843.3 |
       Dungeon |   2530 |   2440 |     90 |    551 |   1643 |   3 |  843.3 |
               +--------+--------+--------+--------+--------+-----+--------+

Top non-repeatable levels by time:
     D:1: 1374 daAuts
     D:2: 1047 daAuts
     D:3: 108 daAuts
